 Dungeon Crawl Stone Soup version 0.30-a0-778-g2ef04afb54 (webtiles) character file.

Game seed: 17730869911042572591

74 Beavis the Insei (level 4, 0/43 HPs)
             Began as an Octopode Transmuter on Feb 16, 2023.
             Slain by Sigmund
             ... wielding a +0 scythe
              (5 damage)
             ... on level 3 of the Dungeon.
             The game lasted 00:01:54 (1747 turns).

Beavis the Insei (Octopode Transmuter)              Turns: 1747, Time: 00:01:54

Health: 0/43       AC: 22    Str: 15    XL:     4   Next: 30%
Magic:  5/7        EV:  2    Int: 17    God:
Gold:   116        SH:  0    Dex: 12    Spells: 1/7 levels left

rFire   . . .      SeeInvis .      - Unarmed
rCold   . . .      Faith    .    (no shield)
rNeg    . . .      Spirit   .    (helmet currently unavailable)
rPois   +          Reflect  .    (no amulet)
rElec   .          Harm     .    k - +6 ring of strength
rCorr   .          Rampage  .    (no ring)
Will    .....      NoTele   +    (no ring)
Stlth   +                        (no ring)
HPRegen 0.27/turn                (no ring)
MPRegen 0.10/turn                (no ring)
                                 (no ring)
                                 (no ring)

@: tree-form
A: stationary, stasis, torment immunity, boosted hp, almost no armour,
(amphibious), 8 rings, (camouflage 1), (gelatinous body 1), (nimble swimmer 1),
(tentacles)
a: no special abilities


You were on level 3 of the Dungeon.
You were a tree.
You visited 1 branch of the dungeon, and saw 4 of its levels.

You collected 116 gold pieces.

Inventory:

Jewellery
 k - a +6 ring of strength (left branch)
Wands
 m - a wand of light (5)
Scrolls
 b - 4 scrolls of identify {unknown}
 e - 2 scrolls of teleportation {unknown}
 h - a scroll of enchant weapon {unknown}
 i - a scroll of vulnerability {unknown}
Potions
 c - 2 potions of curing {unknown}
 d - a potion of might {unknown}
 f - a potion of ambrosia {unknown}
 g - 2 potions of attraction {unknown}
 j - 2 potions of heal wounds {unknown}
 l - a potion of berserk rage {unknown}


   Skills:
 + Level 1.8 Fighting
 + Level 2.4 Dodging
 + Level 3.4 Unarmed Combat
 + Level 2.4 Spellcasting
 + Level 2.6 Transmutations
 + Level 1.4 Poison Magic


You had one spell level left.
You knew the following spells:

 Your Spells              Type           Power      Damage    Failure   Level
a - Beastly Appendage     Tmut           20%        N/A       6%          1
b - Wereblood             Tmut           10%        N/A       10%         2
c - Spider Form           Tmut/Pois      8%         N/A       24%         3

Your spell library contained the following spells:

 Spells                   Type           Power      Damage    Failure   Level
 Ice Form                 Ice/Tmut       6%         N/A       73%         4


Dungeon Overview and Level Annotations

Branches:
Dungeon (4/15)
 Temple: D:4-7

Altars:
Hepliaklqana

Shops:
D:1 ?

Annotations:
D:3 Sigmund


Innate Abilities, Weirdness & Mutations

You are a tree.
Your roots penetrate the ground, keeping you stationary.
You cannot be teleported.
You are immune to unholy pain and torment.
Your maximum health is greatly increased.
You cannot wear most types of armour.
((You are amphibious.))
You can wear up to eight rings at the same time.
((Your skin changes colour to match your surroundings (Stealth+).))
((Your rubbery body absorbs attacks. (AC +1, EV +1)))
((You are camouflaged when in or above water. (Stealth+)))
((You have tentacles for arms and can constrict up to eight enemies at once.))


Message History

Sigmund points at you and mumbles some strange words.
The magic dart hits you! The quokka barely misses you. The adder bites you.
You hit the adder.
The adder is poisoned.
The adder is heavily wounded.
Sigmund points at you and mumbles some strange words.
The magic dart hits you.
* * * LOW HITPOINT WARNING * * *
The adder bites you.
* * * LOW HITPOINT WARNING * * *
The quokka misses you.
Your transformation has ended.
You turn into a tree.
Your roots penetrate the ground.
Sigmund hits you from afar with a +0 scythe.
* * * LOW HITPOINT WARNING * * *
The adder bites you but does no damage.
The quokka bites you but does no damage. x2
You closely miss the adder.
The adder is heavily wounded.
The adder bites you but does no damage.
The quokka bites you but does no damage.
The quokka bites you.
* * * LOW HITPOINT WARNING * * *
Sigmund completely misses you.
You smack the adder!
You kill the adder!
The quokka bites you but does no damage.
The quokka barely misses you.
You barely miss the quokka.
The quokka bites you but does no damage. x2
Sigmund hits you but does no damage.
You smack the quokka!
You kill the quokka!
The quokka bites you but does no damage.
Sigmund hits you but does no damage.
You completely miss the quokka.
The quokka bites you but does no damage. x2
You smack the quokka!
You kill the quokka!
Sigmund hits you from afar with a +0 scythe.
You die...

#.. .. .. #. . #. @
#.## .# . #.)## .###..
#♣.##...... .#####
##.....# ....># ##@..##
####.# ##..#.# #.##
####..## .. #..##
#.....# #..#
##..######.###.##......
##........##.....# ..
##....######...### .


You could see Sigmund.

Vanquished Creatures
  3 adders
  2 worms (D:3)
  2 orcs
  3 bats
  6 endoplasms
  2 giant cockroaches (D:1)
  4 hobgoblins
  3 quokkas
  2 ball pythons
  4 frilled lizards
  2 goblins (D:1)
  2 kobolds (D:1)
  7 rats
42 creatures vanquished.

Notes
Turn   | Place    | Note
-------+----------+-------------------------------------------
     0 | D:1      | Beavis the Octopode Transmuter began the quest for the Orb.
     0 | D:1      | Reached XP level 1. HP: 13/13 MP: 3/3
   276 | D:1      | Reached XP level 2. HP: 16/18 MP: 5/5
   519 | D:1      | Found Mawk's Magic Scroll Shoppe.
   960 | D:2      | Found a faded altar of an unknown god.
  1005 | D:2      | Learned a level 2 spell: Wereblood
  1074 | D:2      | Reached skill level 1 in Poison Magic
  1074 | D:2      | Reached XP level 3. HP: 20/23 MP: 4/6
  1396 | D:2      | You fall into a shaft and drop 2 floors!
  1471 | D:4      | Learned a level 3 spell: Spider Form
  1504 | D:4      | Found a hazy altar of Hepliaklqana.
  1532 | D:4      | Noticed an ogre
  1629 | D:3      | Reached XP level 4. HP: 20/28 MP: 3/7
  1727 | D:3      | Noticed Sigmund
  1747 | D:3      | Slain by Sigmund

Illustrated notes

Levels and vault maps discovered:
D:1:      saegor_arrival_simple_d, layout_loops_corners, serial_shops, shop
D:2:      layout_basic, hellmonk_ecumenical_altar_zigzags
D:3:      layout_rooms, elyvilon_altar_5, uniq_sigmund
D:4:      layout_rooms, mainiacjoe_overflow_chevrons,
          mainiacjoe_overflow_tiny_flanked

Skill      XL: |  1  2 |
---------------+-------+-----
Poison Magic   | 1 |  1.4
Fighting       | |  1.8
Dodging        | |  2.4
Unarmed Combat | |  3.4
Spellcasting   | |  2.4
Transmutations | |  2.6

Action                     |  1- 3 |  4- 6 || total
---------------------------+-------+-------++-------
  Melee: Unarmed           |    76 |    15 ||    91
         Constrict         |    20 |       ||    20
         Tentacles         |    16 |       ||    16
         Kick              |    14 |       ||    14
         Punch             |     3 |       ||     3
   Cast: Beastly Appendage |    20 |       ||    20
         Wereblood         |     8 |       ||     8
         Spider Form       |       |     2 ||     2
    Use: Potion            |       |     1 ||     1
   Stab: Sleeping          |     3 |       ||     3
 Armour: Skin              |     5 |    13 ||    18
  Dodge: Dodged            |    45 |     9 ||    54

Table legend: (Time is in decaauts)
 A = Elapsed time spent in this place.
 B = Non-inter-level travel time spent in this place.
 C = Inter-level travel time spent in this place.
 D = Time resting spent in this place.
 E = Time spent auto-exploring this place.
 F = Levels seen in this place.
 G = Mean time per level.
                   A        B        C        D        E       F      G
               +--------+--------+--------+--------+--------+-----+--------+
         Total |   1740 |   1727 |     13 |      0 |   1427 |   4 |  435.0 |
       Dungeon |   1740 |   1727 |     13 |      0 |   1427 |   4 |  435.0 |
               +--------+--------+--------+--------+--------+-----+--------+

Top non-repeatable levels by time:
     D:1: 845 daAuts
     D:2: 547 daAuts
     D:3: 204 daAuts
     D:4: 144 daAuts
